 Dungeon Crawl Stone Soup version 0.15.0-23-gc2b521c (console) character file.

90 gw the Skirmisher (level 4, -3/35 HPs)
             Began as a Demonspawn Abyssal Knight on Sept 8, 2014.
             Was a Priest of Lugonu.
             Slain by Crazy Yiuf
             ... wielding a +4 quarterstaff of chaos
              (7 damage)
             ... on Level 2 of the Dungeon.
             The game lasted 00:01:16 (2301 turns).

gw the Skirmisher (Demonspawn Abyssal Knight)       Turns: 2301, Time: 00:01:16

HP  -3/35        AC  7     Str 13      XL: 4   Next: 32%
MP   3/5         EV 10     Int 13      God: Lugonu [***...]
Gold 0           SH  0     Dex 13      Spells:  0 memorised,  3 levels left

rFire  . . .     SeeInvis .     a - +1 mace
rCold  + . .     Clarity  .     b - +0 leather armour
rNeg   . . .     rCorr    .     (no shield)
rPois  .         rRot     .     (no helmet)
rElec  .         Spirit   .     (no cloak)
SustAb .         Warding  .     (no gloves)
rMut   .         Stasis   .     (no boots)
Gourm  .                        (no amulet)
MR     .....                    (no ring)
                                (no ring)

@: not resistant to hostile enchantments, very unstealthy
A: iridescent scales 1, cold resistance 1, powered by death 1
a: Depart the Abyss, Bend Space, Banish, Renounce Religion


You were on level 2 of the Dungeon.
You worshipped Lugonu.
Lugonu was most pleased with you.
You were near starving.

You visited 1 branch of the dungeon, and saw 2 of its levels.
You visited the Abyss 1 time.

Inventory:

Hand weapons
 a - a +1 mace (weapon)
Missiles
 h - 62 stones (quivered)
Armour
 b - a +0 leather armour (worn)
Comestibles
 c - 3 bread rations
Scrolls
 d - a scroll of teleportation {unknown}
Potions
 e - a potion of degeneration {unknown}


   Skills:
 + Level 3.3 Fighting
 * Level 2.8 Maces & Flails
 + Level 1.2 Throwing
 + Level 2.5 Armour
 - Level 0.8 Dodging
 + Level 2.9 Invocations


You had 3 spell levels left.
You didn't know any spells.

Dungeon Overview and Level Annotations

Branches:
Dungeon (2/15)

Altars:
Dithmenos
Nemelex Xobeh
Sif Muna

Annotations:
D:2 Crazy Yiuf


Innate Abilities, Weirdness & Mutations

You are partially covered in iridescent scales (AC +4).
Your flesh is cold resistant.
You can steal the life force of nearby defeated enemies.


Message History

You feel your power leaking away.
ATTACKING (1,1)
You hit Crazy Yiuf.
Crazy Yiuf is heavily wounded.
Crazy Yiuf grits, "Seed song sanguine!"
Crazy Yiuf hits you but does no damage.
You are electrocuted!
Use which ability? (? or * to list) Space bends around you!
You blink.
You feel slightly more hungry.
FLEEEEING!
ATTACKING (0,-1)
You hit Crazy Yiuf.
Crazy Yiuf is severely wounded.
Crazy Yiuf hits you with a quarterstaff of chaos!
FLEEEEING!
ATTACKING (0,-1)
You hit Crazy Yiuf.
Crazy Yiuf is almost dead.
Crazy Yiuf glowers.
Crazy Yiuf hits you with a quarterstaff of chaos!
You die...

...........#
7..).7
#########..#
7...77 #
#..# 77.77 #
#..# 7.77 #
#..# 77.7 #
#..#


7ยค77 #### 77.7 ##g## #.6.# #...# #..(# ##### You could see Crazy Yiuf.

Table legend:
 A = Turns spent in this place as a percentage of turns spent in the entire game.
 B = Non-inter-level travel turns spent in this place as a percentage of non-inter-level travel turns spent in the entire game.
 C = Inter-level travel turns spent in this place as a percentage of turns spent in this place.
 D = Turns resting spent in this place as a percentage of non-inter-level travel turns spent in this place.
 E = Turns spent auto-exploring this place as a percentage of non-inter-level travel turns spent in this place.
 F = Non-inter-level travel turns spent in this place divided by the number of levels of this place that you've seen.
                   A       B       C       D       E      F
               +-------+-------+-------+-------+-------+----------------------
         Total | 100.0 | 100.0 |   0.4 |   6.2 |  14.0 | 237.3
       Dungeon |  98.2 |  98.2 |   0.4 |   6.3 |  14.0 | 349.5
         Abyss |   1.8 |   1.8 |   0.0 |   0.0 |  15.4 |  13.0
               +-------+-------+-------+-------+-------+----------------------

Table legend:
 A = Kills in this place as a percentage of kills in entire the game.
 B = Kills by you in this place as a percentage of kills by you in the entire game.
 C = Kills by friends in this place as a percentage of kills by friends in the entire game.
 D = Other kills in this place as a percentage of other kills in the entire game.
 E = Experience gained in this place as a percentage of experience gained in the entire game.
 F = Experience gained in this place divided by the number of levels of this place that you have seen.
                   A       B       C       D       E      F
               +-------+-------+-------+-------+-------+----------------------
         Total | 100.0 | 100.0 |  -nan |  -nan | 100.0 |  43.0
       Dungeon | 100.0 | 100.0 |  -nan |  -nan | 100.0 |  64.5
               +-------+-------+-------+-------+-------+----------------------

Vanquished Creatures
  4 adders
  3 oozes
  2 ball pythons
  3 bats
  6 goblins
  6 hobgoblins
  4 giant cockroaches
  3 giant newts
  5 kobolds
  18 rats
54 creatures vanquished.

Notes
Turn   | Place    | Note
--------------------------------------------------------------
     0 | Abyss:1  | gw, the Demonspawn Abyssal Knight, began the quest for the Orb.
     0 | Abyss:1  | Reached XP level 1. HP: 18/18 MP: 1/1
    22 | D:1      | Escaped the Abyss
   159 | D:1      | Gained mutation: Your flesh is cold resistant. [demonic ancestry]
   159 | D:1      | Reached XP level 2. HP: 24/24 MP: 2/2
   243 | D:1      | Found a sparkling altar of Nemelex Xobeh.
   451 | D:1      | Acquired Lugonu's second power
   652 | D:1      | Gained mutation: You can steal the life force of nearby defeated enemies. [demonic ancestry]
   652 | D:1      | Reached XP level 3. HP: 24/29 MP: 4/4
  1439 | D:2      | Reached skill level 1 in Throwing
  1646 | D:2      | Gained mutation: You are partially covered in iridescent scales (AC +4). [demonic ancestry]
  1646 | D:2      | Reached XP level 4. HP: 7/35 MP: 5/5
  1858 | D:2      | Acquired Lugonu's third power
  2062 | D:2      | Found a shadowy altar of Dithmenos.
  2120 | D:2      | Found a deep blue altar of Sif Muna.
  2292 | D:2      | Noticed Crazy Yiuf
  2301 | D:2      | Slain by Crazy Yiuf

Action                   |  1- 3 |  4- 6 || total
-------------------------+-------+-------++-------
Melee: Mace              |   106 |    39 ||   145
Throw: Stone             |    52 |    32 ||    84
Invok: Bend Space        |       |     1 ||     1
  Use: Potion            |     3 |       ||     3
       Scroll            |     1 |       ||     1
  Eat: Chunk             |     2 |     1 ||     3

Vault maps used:
D:1:      erik_arrival_orb_chamber, nemelex_diamond_rough_becter
D:2:      lemuel_crystal_altar, lemuel_blue_sif_altar, uniq_crazy_yiuf_cottage
